 Dungeon Crawl Stone Soup version 0.29-a0-872-g797fff5ad1 (webtiles) character file.

Game seed: 3318177390690851974

372 xian the Slasher (level 6, 0/48 HPs)
             Began as a Demonspawn Fighter on July 18, 2022.
             Slain by an ogre
             ... wielding a +0 giant club
              (31 damage)
             ... on level 4 of the Dungeon.
             The game lasted 00:06:53 (3255 turns).

xian the Slasher (Demonspawn Fighter)               Turns: 3255, Time: 00:06:53

Health: 0/48       AC: 10    Str: 18    XL:     6   Next: 43%
Magic:  6/6        EV:  7    Int:  9    God:
Gold:   128        SH:  9    Dex: 13    Spells: 5/5 levels left

rFire   . . .      SeeInvis .   a - +0 long sword
rCold   . . .      Faith    .   c - +0 buckler
rNeg    . . .      Spirit   .   d - +0 chain mail
rPois   .          Reflect  .   (no helmet)
rElec   .          Harm     .   i - +0 cloak
rCorr   .          Rampage  .   (no gloves)
Will    .....                   (no boots)
Stlth   ..........              b - amulet of magic regeneration
HPRegen 0.16/turn               (no ring)
MPRegen 0.50/turn               (no ring)

@: no status effects
A: large bone plates 1, demonic touch 1
a: no special abilities


You were on level 4 of the Dungeon.
You visited 1 branch of the dungeon, and saw 4 of its levels.

You collected 128 gold pieces.

Inventory:

Hand Weapons
 a - a +0 long sword (weapon)
Missiles
 s - 6 poisoned darts (quivered)
Armour
 c - a +0 buckler (worn)
 d - a +0 chain mail (worn)
 i - a +0 cloak (worn)
Jewellery
 b - an amulet of magic regeneration (around neck)
Wands
 v - a wand of mindburst (15)
Scrolls
 e - a scroll of enchant weapon {unknown}
 g - a scroll of blinking {unknown}
 k - 2 scrolls of immolation {unknown}
 l - 3 scrolls of teleportation
 m - a scroll of fog {unknown}
 n - 2 scrolls of amnesia {unknown}
 q - 2 scrolls of vulnerability {unknown}
 r - a scroll of noise {unknown}
 t - a scroll of torment {unknown}
Potions
 f - a potion of lignification
 h - a potion of brilliance {unknown}
 j - a potion of heal wounds {unknown}
 o - 3 potions of curing
 p - a potion of attraction {unknown}
 u - 2 potions of haste {unknown}


   Skills:
 + Level 4.0 Fighting
 + Level 4.2 Long Blades
 + Level 3.4 Armour
 + Level 1.2 Dodging
 + Level 0.1 Stealth
 + Level 3.9 Shields


You had 5 spell levels left.
You didn't know any spells.
Your spell library contained the following spells:

 Spells                   Type           Power      Damage    Failure   Level
 Call Canine Familiar     Summ           0%         N/A       100%        3
 Ozocubu's Armour         Ice            0%         N/A       100%        3
 Portal Projectile        Hex/Tloc       0%         N/A       100%        3
 Leda's Liquefaction      Hex/Erth       0%         N/A       100%        4
 Ozocubu's Refrigeration  Ice            0%         4d5       100%        7


Dungeon Overview and Level Annotations

Branches:
Dungeon (4/15)
 Temple: D:4-7

Altars:
Okawaru
Uskayaw


Innate Abilities, Weirdness & Mutations

You are partially covered in large bone plates. (SH +4)
Your touch may inflict minor irresistible damage on your foes.


Message History

You barely miss the gnoll.
The gnoll is almost dead.
The gnoll hits you but does no damage.
You barely miss the gnoll.
The gnoll is almost dead.
The gnoll hits you with a +0 whip.
You closely miss the gnoll.
The gnoll is almost dead.
You block the gnoll's attack.
You hit the gnoll.
You kill the gnoll!
You block the gnoll's attack.
You slash the gnoll!
The gnoll is heavily wounded.
You block the gnoll's attack.
You barely miss the gnoll.
The gnoll is heavily wounded.
The gnoll hits you with a +0 whip.
You barely miss the gnoll.
The gnoll is heavily wounded.
The gnoll hits you with a +0 whip.
You slash the gnoll!
You kill the gnoll!
The gnoll hits you but does no damage. The ogre closely misses you.
Your Fighting skill increases to level 4!
You slash the ogre!
The ogre is moderately wounded.
You block the gnoll's attack.
You hit the ogre but do no damage.
The ogre is moderately wounded.
The ogre barely misses you. The gnoll barely misses you.
You hit the ogre.
The ogre is heavily wounded.
The ogre barely misses you. The gnoll hits you but does no damage.
You closely miss the ogre.
The ogre is heavily wounded.
You block the gnoll's attack.
The ogre hits you with a +0 giant club!!
Ouch! That really hurt!
You die...

.....[#g#.#........
...##...gg..##.....
.....)..#..........
##.#....#g...#.###.
........#..g..#..
...##.......###.###
......#.#.#........
..#.#.#####.#######.##
#.#.....#..ggggO@....#
##.##.#.############
.. .#)# ##. #.# .. #.#
.# # #.# #.#.#
#.#.#.#.############
#..................#


You could see an ogre and 4 gnolls.

Vanquished Creatures
  A water moccasin (D:3)
  A scorpion (D:3)
  An iguana (D:4)
  An orc wizard (D:4)
  4 adders
  3 gnolls (D:4)
  An ufetubus (D:4)
  2 worms (D:2)
  3 dart slugs
  4 orcs
  12 ball pythons
  2 endoplasms (D:2)
  5 giant cockroaches
  7 goblins
  6 hobgoblins
  3 jackals (D:3)
  3 kobolds
  2 quokkas
  4 bats (D:1)
  3 frilled lizards
  2 rats
70 creatures vanquished.

Vanquished Creatures (others)
  A plant (D:2)
1 creature vanquished.

Grand Total: 71 creatures vanquished

Notes
Turn   | Place    | Note
-------+----------+-------------------------------------------
     0 | D:1      | xian the Demonspawn Fighter began the quest for the Orb.
     0 | D:1      | Reached XP level 1. HP: 18/18 MP: 1/1
   313 | D:1      | Gained mutation: You are partially covered in large bone
                  | plates. (SH +4) [demonic ancestry]
   313 | D:1      | Reached XP level 2. HP: 24/24 MP: 2/2
   987 | D:2      | Found a hide-covered altar of Uskayaw.
   999 | D:2      | Reached XP level 3. HP: 28/29 MP: 3/3
  1605 | D:2      | Reached XP level 4. HP: 35/35 MP: 4/4
  1951 | D:3      | Noticed a scorpion
  1965 | D:3      | Killed a scorpion
  1966 | D:3      | Gained mutation: Your touch may inflict minor irresistible
                  | damage on your foes. [demonic ancestry]
  1966 | D:3      | Reached XP level 5. HP: 17/41 MP: 5/5
  2270 | D:3      | Found an iron altar of Okawaru.
  2494 | D:3      | Found a faded altar of an unknown god.
  2518 | D:3      | Noticed a water moccasin
  2531 | D:3      | Killed a water moccasin
  2532 | D:3      | Reached skill level 1 in Dodging
  2532 | D:3      | Reached XP level 6. HP: 21/48 MP: 6/6
  3255 | D:4      | Slain by an ogre

Illustrated notes

Levels and vault maps discovered:
D:1:      minmay_arrival_doors, layout_loops_ring, minmay_pentomino_o2
D:2:      layout_loops_cross, basic_altar, hangedman_decor_riveting,
          kennysheep_nondescript, minmay_shallow_snake_nest
D:3:      layout_rooms, mainiacjoe_overflow_alcove_2,
          shapermc_ecumenical_altar_pompeii
D:4:      nicolae_cairo_tiling_large_dashed, layout_basic, serial_corexii_hall,
          corexii_hall_statues_l, chequers_hall_statues_wall_a, uniq_ijyb

Skill      XL: |  1  2  3  4  5  6 |
---------------+-------------------+-----
Long Blades    | 2 3 4 |  4.2
Shields        | 3 |  3.9
Armour         | 3 |  3.4
Dodging        | 1 |  1.2
Fighting       | 4 |  4.0
Stealth        | |  0.1

Action                   |  1- 3 |  4- 6 || total
-------------------------+-------+-------++-------
Melee: Long sword        |   148 |   170 ||   318
  Use: Scroll            |     2 |     1 ||     3
       Potion            |       |     2 ||     2
Armor: Scale mail        |    85 |    42 ||   127
       Chain mail        |       |    33 ||    33
Dodge: Dodged            |    87 |    74 ||   161
Block: Buckler           |    76 |    87 ||   163

Table legend: (Time is in decaauts)
 A = Elapsed time spent in this place.
 B = Non-inter-level travel time spent in this place.
 C = Inter-level travel time spent in this place.
 D = Time resting spent in this place.
 E = Time spent auto-exploring this place.
 F = Levels seen in this place.
 G = Mean time per level.
                   A        B        C        D        E       F      G
               +--------+--------+--------+--------+--------+-----+--------+
         Total |   3347 |   3254 |     93 |      0 |   2259 |   4 |  836.8 |
       Dungeon |   3347 |   3254 |     93 |      0 |   2259 |   4 |  836.8 |
               +--------+--------+--------+--------+--------+-----+--------+

Top non-repeatable levels by time:
     D:1: 995 daAuts
     D:2: 935 daAuts
     D:3: 930 daAuts
     D:4: 486 daAuts
